 Dungeon Crawl Stone Soup version 0.28-a0-1152-g9c71ebef14 (webtiles) character file.

Game seed: 2561497215095765044

0 emperorscorpion the Cudgeller (level 1, 0/12 HPs)
             Began as a Gargoyle Gladiator on Dec 14, 2021.
             Slain by a ball python (3 damage)
             ... on level 1 of the Dungeon.
             The game lasted 00:00:06 (49 turns).

emperorscorpion the Cudgeller (Gargoyle Gladiator)    Turns: 49, Time: 00:00:06

Health: 0/12       AC:  6    Str: 17    XL:     1   Next: 0%
Magic:  1/1        EV: 12    Int:  8    God:
Gold:   0          SH:  0    Dex: 11    Spells: 0/0 levels left

rFire   . . .      SeeInvis .   a - +0 flail
rCold   . . .      Faith    .   (no shield)
rNeg    + . .      Spirit   .   b - +0 leather armour
rPois   ∞          Reflect  .   c - +0 helmet
rElec   +          Harm     .   (no cloak)
rCorr   .          Rampage  .   (no gloves)
Will    .....                   (no boots)
Stlth   +.........              (no amulet)
HPRegen 0.04/turn               (no ring)
MPRegen 0.07/turn               (no ring)

@: no status effects
A: sickness immunity, AC +2, negative energy resistance 1, electricity
resistance, torment resistance 1, petrification resistance
a: no special abilities


You were on level 1 of the Dungeon.
You visited 1 branch of the dungeon, and saw 1 of its levels.

Inventory:

Hand Weapons
 a - a +0 flail (weapon)
Missiles
 d - 3 throwing nets (quivered)
Armour
 b - a +0 leather armour (worn)
 c - a +0 helmet (worn)


   Skills:
 + Level 2.1 Fighting
 + Level 3.0 Maces & Flails
 + Level 1.7 Throwing
 + Level 2.4 Dodging


You couldn't memorise any spells.
You didn't know any spells.
Your spell library was empty.

Dungeon Overview and Level Annotations

Branches:
Dungeon (1/15)

Altars:


Innate Abilities, Weirdness & Mutations

You are immune to sickness and miasma.
Your stone body is resilient. (AC +2)
You are immune to poison.
You resist negative energy. (rN+)
You are resistant to electric shocks. (rElec)
You are resistant to unholy torment.
You are immune to petrification.


Message History

The ball python bites you but does no damage.
The ball python closely misses you.
You barely miss the ball python. The ball python bites you.
The ball python grabs you. The ball python constricts you.
The hobgoblin barely misses you. The ball python closely misses you.
The ball python bites you. The ball python constricts you.
The hobgoblin hits you.
You barely miss the ball python.
The ball python bites you but does no damage.
The ball python barely misses you. The ball python constricts you.
The hobgoblin barely misses you. The ball python closely misses you.
You escape the ball python's grasp.
You barely miss the ball python. The ball python bites you.
The ball python grabs you. The ball python constricts you.
The ball python bites you but does no damage.
The ball python constricts you.
You are too injured to fight recklessly!
You are too injured to fight recklessly!
You are too injured to fight recklessly!
You closely miss the ball python. The ball python misses you.
The ball python constricts you.
You hit the ball python.
The ball python is severely wounded.
The ball python barely misses you. The ball python constricts you.
The ball python bites you but does no damage.
The ball python constricts you.
You barely miss the ball python.
The ball python is severely wounded.
The ball python bites you but does no damage.
The ball python constricts you.
You barely miss the ball python.
The ball python is severely wounded.
The ball python bites you.
* * * LOW HITPOINT WARNING * * *
The ball python constricts you. The ball python completely misses you.
The ball python constricts you.
You sock the ball python!
You kill the ball python!
The ball python bites you.
You die...

#.# #### #.# ##..### #.#
##≈...≈## .. #.#
##≈♣≈.≈P≈## ... #.#
#≈♣⌠♣≈P⌠P≈# ...#### #.#
##≈♣...P≈## #..... #.#
##≈...≈## #..... #@#
#≈...≈# #.....##S#####
#≈.<.≈# #.....#.g....#
#≈...≈# #^...........#
##≈...≈##
#.....#......###≈♣...♣≈##
.......#......##≈♣⌠♣≈♣⌠♣≈#
.......#......###≈♣≈.≈♣≈##
.......#..........≈...≈##
###....##########....###


You could see a hobgoblin and a ball python.

Vanquished Creatures
  A ball python (D:1)
1 creature vanquished.

Notes
Turn   | Place    | Note
-------+----------+-------------------------------------------
     0 | D:1      | emperorscorpion the Gargoyle Gladiator began the quest for
                  | the Orb.
     0 | D:1      | Reached XP level 1. HP: 12/12 MP: 1/1
    49 | D:1      | Slain by a ball python

Illustrated notes

Levels and vault maps discovered:
D:1:      ldierk_water_garden, layout_basic, serial_curves, eino_curves_01,
          eino_curves_02, minivault_27, nicolae_shop_unique_rings

Action                   || total
-------------------------++-------
Melee: Flail             ||     9
Armor: Leather armour    ||     5
Dodge: Dodged            ||    11

Table legend: (Time is in decaauts)
 A = Elapsed time spent in this place.
 B = Non-inter-level travel time spent in this place.
 C = Inter-level travel time spent in this place.
 D = Time resting spent in this place.
 E = Time spent auto-exploring this place.
 F = Levels seen in this place.
 G = Mean time per level.
                   A        B        C        D        E       F      G
               +--------+--------+--------+--------+--------+-----+--------+
         Total |     57 |     57 |      0 |      0 |     40 |   1 |   57.0 |
       Dungeon |     57 |     57 |      0 |      0 |     40 |   1 |   57.0 |
               +--------+--------+--------+--------+--------+-----+--------+

Top non-repeatable levels by time:
     D:1: 57 daAuts
